 Dungeon Crawl Stone Soup version 0.30-b1-2-g02819fbbbe (webtiles) character file.

Game seed: 12142409997192980301

4902 redmage the Geomancer (level 11, -7/74 HPs)
             Began as a Meteoran Earth Elementalist on July 26, 2023.
             Was a Follower of Sif Muna.
             Mangled by an eight-headed hydra (11 damage)
             ... on level 2 of the Lair of Beasts.
             The game lasted 00:27:01 (1383 turns).

redmage the Geomancer (Meteoran Earth Elementalist) Turns: 1383, Time: 00:27:03

Health: -7/74      AC:  8    Str: 12    XL:     11   Next: 7%
Magic:  6/22       EV: 12    Int: 26    God:    Sif Muna [*.....]
Gold:   174        SH:  0    Dex: 14    Spells: 14/24 levels left

rFire   . . .        y - +6 flail "Hydraslayer" {spect, rN+}
rCold   . . .        (no shield)
rNeg    + . .        p - +0 steam dragon scales
rPois   .            m - +0 helmet
rElec   .            (no cloak)
rCorr   .            v - +0 pair of gloves
SInv    .            k - +0 pair of boots
Will    +....        e - amulet of the acrobat
Stlth   +            j - +6 ring of intelligence
HPRegen 0.32/turn    (no ring)
MPRegen 0.18/turn

%: acrobat
@: about to teleport, on berserk cooldown, slowed, glowing, very slow
A: sense surroundings 2, otherworldly, glowing, explore regen
a: Renounce Religion, Channel Magic


You were on level 2 of the Lair of Beasts.
You worshipped Sif Muna.
Sif Muna was aware of your devotion.
You visited 3 branches of the dungeon, and saw 11 of its levels.

You collected 174 gold pieces.

Inventory:

Hand Weapons
 t - a +0 broad axe
 y - the +6 flail "Hydraslayer" (weapon) {spect, rN+}
   (You found it on level 2 of the Lair of Beasts)

   rN:        It protects you from negative energy.
Missiles
 d - 32 stones
Armour
 k - a +0 pair of boots (worn)
 m - a +0 helmet (worn)
 p - +0 steam dragon scales (worn)
 v - a +0 pair of gloves (worn)
Jewellery
 e - an amulet of the acrobat (around neck)
 h - an amulet of reflection
 j - a +6 ring of intelligence (left hand)
Wands
 f - a wand of roots (5)
 s - a wand of flame (13)
Scrolls
 c - 3 scrolls of teleportation
 l - a scroll of identify
 n - a scroll of amnesia
 r - a scroll of enchant weapon {unknown}
Potions
 a - a potion of degeneration {unknown}
 b - a potion of magic
 g - 6 potions of flight
 q - a potion of might
 w - a potion of haste
 x - a potion of mutation {unknown}
 z - a potion of resistance {unknown}


   Skills:
 - Level 2.5 Dodging
 - Level 1.4 Stealth
 + Level 7.2 Spellcasting
 - Level 5.0 Conjurations
 + Level 7.9 Transmutations
 + Level 11.2 Earth Magic
 * Level 9.8 Invocations


You had 14 spell levels left.
You knew the following spells:

 Your Spells              Type           Power      Damage    Failure   Level
a - Sandblast             Erth           100%       2d20      1%          1
b - Passwall              Tmut/Erth      46%        N/A       1%          2
c - Stone Arrow           Conj/Erth      100%       3d13      1%          3
d - Petrify               Tmut/Erth      56%        N/A       1%          4

Your spell library contained the following spells:

 Spells                   Type           Power      Damage    Failure   Level
 Gell's Gravitas          Tloc           9%         N/A       19%         3
 Inner Flame              Hex/Fire       9%         N/A       19%         3
 Teleport Other           Tloc           9%         N/A       19%         3
 Yara's Violent Unravell  Hex/Tmut       15%        3d8       32%         5
 Dispersal                Tloc           4%         N/A       100%        6
 Enfeeble                 Hex            4%         N/A       100%        7


Dungeon Overview and Level Annotations

Branches:
Dungeon (8/15) Zot: 3767   Temple (1/1) D:7 Zot: 503    Lair (2/5) D:8 Zot: 901
  Swamp: Lair:2-3    Shoals: Lair:2-3     Snake: Lair:2-3    Spider: Lair:2-3

Altars:
Cheibriados
Elyvilon
Gozag
Hepliaklqana
Kikubaaqudgha
Sif Muna
Trog
Vehumet
Wu Jian
Xom
Yredelemnul
Zin

Shops:
D:7 ?

Portals:
Volcano: Lair:1


Innate Abilities, Weirdness & Mutations

You passively map the area around you.
You are easily found by Zot.
You glow in the dark.
You regain HP and MP as you explore.


Message History

The bullfrog hits you but does no damage.
The eight-headed hydra bites you.
The eight-headed hydra bites you but does no damage.
The eight-headed hydra bites you. The eight-headed hydra misses you.
The eight-headed hydra bites you.
* * * LOW HITPOINT WARNING * * *
The eight-headed hydra closely misses you. x2
The eight-headed hydra bites you!
* * * LOW HITPOINT WARNING * * *
Unknown command.
Unknown command.
A red film seems to cover your vision as you go berserk!
You feel yourself moving faster!
You feel mighty! The bullfrog hits you.
* * * LOW HITPOINT WARNING * * *
The bullfrog hits you.
* * * LOW HITPOINT WARNING * * *
The eight-headed hydra bites you but does no damage.
The eight-headed hydra misses you. The eight-headed hydra bites you!
* * * LOW HITPOINT WARNING * * *
The eight-headed hydra bites you but does no damage. x2
The eight-headed hydra closely misses you.
The eight-headed hydra barely misses you. x2
Unknown command.
Unknown command.
You feel a strong urge to attack something.
The bullfrog closely misses you.
Found a stone staircase leading down.
The bullfrog completely misses you.
You feel your anger nearly subside.
You are no longer berserk.
You are exhausted.
You feel yourself slow down.
As you read the scroll of teleportation, it crumbles to dust.
You feel strangely unstable. The bullfrog closely misses you.
Unknown command.
The eight-headed hydra attacks as you move away!
The eight-headed hydra bites you.
* * * LOW HITPOINT WARNING * * *
The eight-headed hydra closely misses you.
The eight-headed hydra bites you but does no damage.
The eight-headed hydra bites you!
You die...

#)#....P* ♣♣.♣♣#........,,,,,**
#.#.....*#♣...♣#........,,,***
........*#.....#........,,,*
P...###.♣#.PPP.#.....##,**** ***
.~....#♣...P~.........##* ****,*
....###.♣#.PPP†#.#.....#** *,,,,,
†.......♣#...†.#F†......,* *,,,,,
#.#.....♣#♣...♣#D.......,***,>,,,
#.#...P.♣ ♣♣.♣♣#@.......,,,,*,,,,
###...~P♣ ♣.♣ #........,,,,,,,,,
†♣...PPP♣ ♣.♣ #........,*,,,,,,,
♣.♣♣♣♣♣♣♣ ♣.♣ #........,****,,,,
#†# *#### ###*#........,,,***,,,
♣.♣*♣...* **,.........,,***,,,,
..♣♣P.♣.♣# *,,.>.......,,,,***,,
♣.♣P≈~≈..# **,,.........,,,,* *,,
♣......P♣***,,,,,,,,,,,,,,,** **,


You could see an eight-headed hydra and a bullfrog.

Vanquished Creatures
  3 black mambas (Lair:2)
  2 cane toads (Lair:2)
  A rime drake (Lair:2)
  Maggie (D:6)
  A komodo dragon (Lair:2)
  Grinder (D:6)
  A blink frog (Lair:2)
  A dream sheep (Lair:2)
  A wyvern (Lair:2)
  A basilisk (Lair:2)
  A steam dragon (D:6)
  5 water moccasins
  An ice beast (D:7)
  A black bear (D:6)
  An ogre (D:5)
  4 wolves (Lair:2)
  2 scorpions
  3 killer bees (D:7)
  A howler monkey (D:2)
  2 hounds
  3 iguanas
  3 gnolls
  7 adders
  A shadow imp (D:7)
  A dart slug (D:2)
  8 orcs
  4 endoplasms
  2 hobgoblins
  A quokka (D:4)
  2 ball pythons (D:2)
  6 bats
  A frilled lizard (D:1)
  A goblin (D:3)
  4 kobolds
  A rat (D:2)
79 creatures vanquished.

Vanquished Creatures (others)
  A fungus (Lair:2)
  24 plants
25 creatures vanquished.

Grand Total: 104 creatures vanquished

Notes
Turn   | Place    | Note
-------+----------+-------------------------------------------
     0 | D:1      | redmage the Meteoran Earth Elementalist began the quest for
                  | the Orb.
     0 | D:1      | Reached XP level 1. HP: 14/14 MP: 5/5
    63 | D:2      | Identified the +1 flail of Nopequt {freeze, rN+ Str+5}
    96 | D:2      | Reached skill level 4 in Earth Magic
    96 | D:2      | Reached XP level 2. HP: 20/20 MP: 0/7
   106 | D:1      | Reached XP level 3. HP: 9/26 MP: 0/8
   109 | D:1      | Learned a level 2 spell: Passwall
   113 | D:1      | Learned a level 3 spell: Stone Arrow
   239 | D:2      | Reached skill level 1 in Conjurations
   239 | D:2      | Reached XP level 4. HP: 30/33 MP: 6/9
   290 | D:2      | Reached XP level 5. HP: 38/38 MP: 5/11
   296 | D:2      | Learned a level 4 spell: Petrify
   300 | D:3      | Reached skill level 5 in Earth Magic
   499 | D:4      | Reached XP level 6. HP: 37/45 MP: 6/13
   521 | D:5      | Entered Level 5 of the Dungeon
   522 | D:5      | Noticed an ogre
   528 | D:5      | Killed an ogre
   529 | D:5      | Reached skill level 6 in Earth Magic
   541 | D:5      | Reached XP level 7. HP: 50/50 MP: 10/14
   616 | D:6      | Noticed a steam dragon
   627 | D:6      | Killed a steam dragon
   656 | D:7      | Found a staircase to the Ecumenical Temple.
   666 | D:7      | Reached skill level 5 in Conjurations
   678 | Temple   | Entered the Ecumenical Temple
   732 | Temple   | Became a worshipper of Sif Muna the Loreminder
   799 | D:7      | Reached XP level 8. HP: 57/57 MP: 13/16
   800 | D:7      | Reached skill level 7 in Earth Magic
   800 | D:7      | Reached skill level 1 in Invocations
   801 | D:7      | Reached skill level 5 in Spellcasting
   847 | D:7      | Found Soprete's Magic Scroll Boutique.
   902 | D:6      | Noticed Grinder
   913 | D:6      | Killed Grinder
   914 | D:6      | Reached skill level 8 in Earth Magic
   934 | D:6      | Gained mutation: You passively map the area around you.
                  | [Meteoran growth]
   934 | D:6      | Reached XP level 9. HP: 62/62 MP: 1/17
  1013 | D:6      | Noticed Maggie
  1018 | D:6      | Killed Maggie
  1019 | D:6      | Reached skill level 5 in Transmutations
  1019 | D:6      | Reached skill level 9 in Earth Magic
  1080 | D:8      | Found a staircase to the Lair.
  1098 | Lair:1   | Entered Level 1 of the Lair of Beasts
  1131 | Lair:1   | Found a dark tunnel.
  1172 | Lair:1   | Noticed a cane toad
  1178 | Lair:2   | Killed a cane toad
  1179 | Lair:2   | Reached skill level 5 in Invocations
  1219 | Lair:2   | Noticed a black mamba
  1219 | Lair:2   | Noticed a komodo dragon
  1224 | Lair:2   | Killed a black mamba
  1225 | Lair:2   | Reached skill level 10 in Earth Magic
  1231 | Lair:2   | Killed a komodo dragon
  1232 | Lair:2   | Reached XP level 10. HP: 69/69 MP: 0/19
  1285 | Lair:2   | Reached * piety under Sif Muna
  1289 | Lair:2   | Noticed a cane toad
  1296 | Lair:2   | Killed a cane toad
  1309 | Lair:2   | Noticed a rime drake
  1313 | Lair:2   | Killed a rime drake
  1321 | Lair:2   | Identified the +6 flail "Hydraslayer" {spect, rN+}
  1350 | Lair:2   | Noticed a black mamba
  1355 | Lair:2   | Reached skill level 11 in Earth Magic
  1363 | Lair:2   | Noticed a black mamba
  1369 | Lair:2   | Killed a black mamba
  1371 | Lair:2   | Killed a black mamba
  1371 | Lair:2   | Noticed an eight-headed hydra
  1372 | Lair:2   | Reached XP level 11. HP: 9/74 MP: 9/22
  1378 | Lair:2   | HP: 2/111 [eight-headed hydra (8)]
  1383 | Lair:2   | Mangled by an eight-headed hydra

Illustrated notes

Levels and vault maps discovered:
D:1:      dpeg_arrival_stone_temple_mockup, layout_basic
D:2:      layout_loops_ring, ebering_ecumenical_altar_webs,
          minmay_divided_ellipse, uniq_sigmund
D:3:      layout_basic, uniq_natasha, uniq_terence
D:4:      layout_basic, uniq_eustachio, uniq_robin
D:5:      layout_basic, gammafunk_ghost_cemetery
D:6:      layout_rooms, chequers_big_river, kennysheep_generic_room_11,
          uniq_grinder, uniq_maggie, uniq_blork_the_orc, uniq_prince_ribbit1
D:7:      layout_cave_pools, minmay_temple_entry_statues, serial_shops, shop
D:8:      hellmonk_destroyed_diamonds, layout_basic,
          mainiacjoe_overflow_chevrons, enter_bailey_5, serial_glass,
          glass_columns_a, glass_columns_c, glass_columns_a, glass_columns_c,
          corexii_hall_statues_l
Temple:   regret_index_temple_generic_petals
Lair:1:   layout_chaotic_city, nicolae_volcano_entry_two_sided,
          cheibrodos_lair_caveside_slide
Lair:2:   nzn_winding_woodlands_cross [nzn_winding_woodlands_5x15_garden,
          nzn_winding_woodlands_5x15_concentric,
          nzn_winding_woodlands_5x15_pathside_ponds,
          nzn_winding_woodlands_5x15_zeroes,
          nzn_winding_woodlands_15x15_five_gardens], layout_cave_pods,
          uniq_gastronok

Skill      XL: |  1  2  3  4  5  6  7  8  9 10 |
---------------+-------------------------------+-----
Spellcasting   | 3 4 5 7 |  7.2
Earth Magic    | 4 5 6 8 10 11 | 11.2
Transmutations | 2 4 6 7 |  7.9
Conjurations   | 1 2 3 4 5 |  5.0
Invocations    | 3 6 9 |  9.8
Dodging        | |  2.5
Stealth        | |  1.4

Action                     |  1- 3 |  4- 6 |  7- 9 | 10-12 || total
---------------------------+-------+-------+-------+-------++-------
  Melee: Flail             |     5 |     2 |       |       ||     7
   Cast: Sandblast         |    19 |    25 |    14 |    28 ||    86
         Stone Arrow       |       |    12 |    43 |    14 ||    69
         Passwall          |       |     1 |     3 |       ||     4
 Invoke: Channel Magic     |       |       |       |     1 ||     1
  Evoke: Wand              |       |       |       |     1 ||     1
    Use: Scroll            |       |     9 |     5 |     1 ||    15
         Potion            |       |       |     1 |     3 ||     4
 Armour: Robe              |     9 |     5 |     1 |       ||    15
         Steam dragon scal |       |       |     2 |    17 ||    19
  Dodge: Dodged            |    17 |    17 |    10 |    32 ||    76
